| TOP OF THE 1ST |
|
Albuquerque Isotopes batting - Pitching for Reno Aces : LHP John Salzmann
|
|
Pitching: LHP John Salzmann
|
|
|
Batting: RHB Logan Morgan
|
0-0: Foul Ball, location: 2F 0-1: Called Strike 0-2: Fly out, F8 (Flyball, 8LM, EV 88.8 MPH)
|
|
Batting: RHB Mike Thornton
|
0-0: Ball 1-0: Ball 2-0: Ball 3-0: Called Strike 3-1: Foul Ball, location: 2F 3-2: Fly out, F4 (Flyball, 4D, EV 84.4 MPH)
|
|
Batting: RHB Eddie McCoy
|
0-0: Ball 1-0: Foul Ball, location: 2F 1-1: Swinging Strike 1-2: Fly out, F7 (Flyball, 78M, EV 85.0 MPH)
|
| Top of the 1st over - 0 runs, 0 hits, 0 errors, 0 left on base; Albuquerque 0 - Reno 0 |
| BOTTOM OF THE 1ST |
|
Reno Aces batting - Pitching for Albuquerque Isotopes : RHP Chris Geraci
|
|
Pitching: RHP Chris Geraci
|
|
|
Batting: RHB Ji-an Li
|
0-0: SINGLE (Line Drive, 6D, EV 95.0 MPH)
|
|
Batting: LHB Sumiki Okuhara
|
0-0: Ball 1-0: Ball 2-0: Called Strike 2-1: Foul Ball, location: 2F 2-2: Ball 3-2: Foul Ball, location: 2F 3-2: Strikes out looking Ji-an Li steals 2nd base (no throw) Batter strikes out.
|
|
Batting: SHB Salvador Aragon
|
0-0: Ball 1-0: SINGLE (Line Drive, 5D, EV 102.5 MPH) Ji-an Li to third Runner from 3rd tries for Home, SAFE, throw by LF to home
|
|
Batting: LHB Bobby Arevalo
|
0-0: Swinging Strike 0-1: Swinging Strike 0-2: Strikes out looking
|
|
Batting: LHB Kyle Beaulieu
|
0-0: Ball 1-0: Ball 2-0: Foul Ball, location: 2F 2-1: Ball 3-1: Base on Balls Salvador Aragon to second
|
|
Batting: RHB Ruben Garza
|
0-0: SINGLE (Groundball, 6D, EV 96.9 MPH) Salvador Aragon to third Kyle Beaulieu to second Runner from 3rd tries for Home, throw by CF and OUT! 8-2
|
| Bottom of the 1st over - 1 run, 3 hits, 0 errors, 2 left on base; Albuquerque 0 - Reno 1 |
| TOP OF THE 2ND |
|
Albuquerque Isotopes batting - Pitching for Reno Aces : LHP John Salzmann
|
|
Batting: RHB Ron Johansen
|
0-0: Ball 1-0: Swinging Strike 1-1: Ball 2-1: Ball 3-1: Fly out, F8 (Flyball, 8RD, EV 94.4 MPH)
|
|
Batting: LHB Gabe Harvey
|
0-0: Called Strike 0-1: Swinging Strike 0-2: Strikes out swinging
|
|
Batting: LHB Katsunan Akimoto
|
0-0: Ball 1-0: Foul Ball, location: 2F 1-1: Ball 2-1: SINGLE (Line Drive, 5D, EV 97.5 MPH)
|
|
Batting: LHB Alan Bianchard
|
0-0: Called Strike 0-1: Foul Ball, location: 2F 0-2: Strikes out swinging
|
| Top of the 2nd over - 0 runs, 1 hit, 0 errors, 1 left on base; Albuquerque 0 - Reno 1 |
| BOTTOM OF THE 2ND |
|
Reno Aces batting - Pitching for Albuquerque Isotopes : RHP Chris Geraci
|
|
Batting: LHB Ian Jarvis
|
0-0: Ball 1-0: Ball 2-0: SINGLE (Line Drive, 8LS, EV 90.0 MPH)
|
|
Batting: LHB Jeff Taylor
|
0-0: Ball 1-0: Grounds into double play, 5-4-3 (Groundball, 5, EV 87.5 MPH)
|
|
Batting: SHB Gregg Whitecotton
|
0-0: Ground out 6-3 (Groundball, 6, EV 99.4 MPH)
|
| Bottom of the 2nd over - 0 runs, 1 hit, 0 errors, 0 left on base; Albuquerque 0 - Reno 1 |
| TOP OF THE 3RD |
|
Albuquerque Isotopes batting - Pitching for Reno Aces : LHP John Salzmann
|
|
Batting: RHB Bobby Heagle
|
0-0: Swinging Strike 0-1: Ball 1-1: Fly out, F3 (Popup, 23F, EV 76.9 MPH)
|
|
Batting: SHB Mitchell Greene
|
0-0: Called Strike 0-1: Swinging Strike 0-2: Strikes out swinging
|
|
Batting: RHB Logan Morgan
|
0-0: Called Strike 0-1: Ball 1-1: Fly out, F8 (Flyball, 8LD, EV 92.5 MPH)
|
| Top of the 3rd over - 0 runs, 0 hits, 0 errors, 0 left on base; Albuquerque 0 - Reno 1 |
| BOTTOM OF THE 3RD |
|
Reno Aces batting - Pitching for Albuquerque Isotopes : RHP Chris Geraci
|
|
Batting: RHB Ji-an Li
|
0-0: Foul Ball, location: 2F 0-1: Ball 1-1: Foul Ball, location: 2F 1-2: Reached on error, E5 (Groundball, 56, EV 101.2 MPH)
|
|
Batting: LHB Sumiki Okuhara
|
0-0: Ball 1-0: SINGLE (Groundball, 3D, EV 103.1 MPH) Ji-an Li to second Runner from 2nd tries for 3rd, SAFE, no throw by RF
|
|
Batting: SHB Salvador Aragon
|
0-0: Foul Ball, location: 2F 0-1: Ball 1-1: Ball 2-1: Fly out, F8 (Flyball, 8LD, EV 98.1 MPH) Runner from 3rd tags up, SCORES, throw by CF
|
|
Batting: LHB Bobby Arevalo
|
0-0: Ball 1-0: Ball 2-0: Ball 3-0: Base on Balls Sumiki Okuhara to second
|
|
Batting: LHB Kyle Beaulieu
|
0-0: Called Strike 0-1: Foul Ball, location: 2F 0-2: Ball 1-2: Ball 2-2: Strikes out swinging
|
|
Batting: RHB Ruben Garza
|
0-0: Ball 1-0: Swinging Strike 1-1: Foul Ball, location: 2F 1-2: Foul Ball, location: 2F 1-2: Ball 2-2: Strikes out swinging
|
| Bottom of the 3rd over - 1 run, 1 hit, 1 error, 2 left on base; Albuquerque 0 - Reno 2 |
| TOP OF THE 4TH |
|
Albuquerque Isotopes batting - Pitching for Reno Aces : LHP John Salzmann
|
|
Batting: RHB Mike Thornton
|
0-0: Foul Ball, location: 2F 0-1: Foul Ball, location: 2F 0-2: Ball 1-2: Foul Ball, location: 2F 1-2: Foul Ball, location: 2F 1-2: Strikes out swinging
|
|
Batting: RHB Eddie McCoy
|
0-0: Ball 1-0: Ball 2-0: Reached via error on a dropped throw from 1B, E1 (Groundball, 34, EV 92.5 MPH)
|
|
Batting: RHB Ron Johansen
|
0-0: Called Strike 0-1: Ball 1-1: Foul Ball, location: 2F 1-2: Ball 2-2: Ball 3-2: Base on Balls Eddie McCoy to second
|
|
Batting: LHB Gabe Harvey
|
0-0: Called Strike 0-1: Ball 1-1: Foul Ball, location: 2F 1-2: Ball 2-2: Strikes out swinging
|
|
Batting: LHB Katsunan Akimoto
|
0-0: Called Strike 0-1: Ball 1-1: Ball 2-1: SINGLE (Groundball, 34D, EV 106.2 MPH) Eddie McCoy to third Ron Johansen to second Runner from 3rd tries for Home, SAFE, throw by RF to home
|
|
Batting: LHB Alan Bianchard
|
0-0: Foul Ball, location: 2F 0-1: Called Strike 0-2: Ball 1-2: Foul Ball, location: 2F 1-2: Foul Ball, location: 2F 1-2: Fly out, F8 (Line Drive, 8LS, EV 95.6 MPH)
|
| Top of the 4th over - 1 run, 1 hit, 1 error, 2 left on base; Albuquerque 1 - Reno 2 |
| BOTTOM OF THE 4TH |
|
Reno Aces batting - Pitching for Albuquerque Isotopes : RHP Chris Geraci
|
|
Batting: LHB Ian Jarvis
|
0-0: Ball 1-0: Swinging Strike 1-1: Ball 2-1: Foul Ball, location: 2F 2-2: Ground out 1-3 (Groundball, 13S, EV 69.4 MPH)
|
|
Batting: LHB Jeff Taylor
|
0-0: Swinging Strike 0-1: Ball 1-1: Called Strike 1-2: Strikes out swinging
|
|
Batting: SHB Gregg Whitecotton
|
0-0: Foul Ball, location: 2F 0-1: Ground out 4-3 (Groundball, 4, EV 106.2 MPH)
|
| Bottom of the 4th over - 0 runs, 0 hits, 0 errors, 0 left on base; Albuquerque 1 - Reno 2 |
| TOP OF THE 5TH |
|
Albuquerque Isotopes batting - Pitching for Reno Aces : LHP John Salzmann
|
|
Batting: RHB Bobby Heagle
|
0-0: Called Strike 0-1: SOLO HOME RUN (Flyball, 7D, EV 101.2 MPH), Distance : 392 ft
|
|
Batting: SHB Mitchell Greene
|
0-0: Ball 1-0: Swinging Strike 1-1: Ball 2-1: Foul Ball, location: 2F 2-2: Strikes out swinging
|
|
Batting: RHB Logan Morgan
|
0-0: Called Strike 0-1: Ball 1-1: Swinging Strike 1-2: Ball 2-2: Foul Ball, location: 2F 2-2: Ground out 6-3 (Groundball, 6S, EV 81.9 MPH)
|
|
Batting: RHB Mike Thornton
|
0-0: Called Strike 0-1: Ground out U3 (Groundball, 34S, EV 72.5 MPH)
|
| Top of the 5th over - 1 run, 1 hit, 0 errors, 0 left on base; Albuquerque 2 - Reno 2 |
| BOTTOM OF THE 5TH |
|
Reno Aces batting - Pitching for Albuquerque Isotopes : RHP Chris Geraci
|
|
Batting: RHB Ji-an Li
|
0-0: Called Strike 0-1: Called Strike 0-2: Ball 1-2: Ball 2-2: Fly out, F6 (Popup, 6MD, EV 75.0 MPH)
|
|
Batting: LHB Sumiki Okuhara
|
0-0: Ball 1-0: Ball 2-0: Ball 3-0: Called Strike 3-1: Called Strike 3-2: SINGLE (Line Drive, 8LS, EV 95.0 MPH)
|
|
Batting: SHB Salvador Aragon
|
0-0: Ball Wild Pitch! Sumiki Okuhara to second 1-0: Ball 2-0: Foul Ball, location: 2F 2-1: Ball 3-1: Swinging Strike 3-2: Strikes out swinging
|
|
Batting: LHB Bobby Arevalo
|
0-0: Called Strike 0-1: Ball 1-1: DOUBLE (Line Drive, 9LM, EV 111.9 MPH) Sumiki Okuhara scores
|
|
Batting: LHB Kyle Beaulieu
|
0-0: Ball 1-0: Ball 2-0: Ball 3-0: Base on Balls
|
|
Batting: RHB Ruben Garza
|
0-0: Ball 1-0: Fielders Choice at 2nd, 6-4 (Groundball, 6D, EV 101.9 MPH)
|
| Bottom of the 5th over - 1 run, 2 hits, 0 errors, 2 left on base; Albuquerque 2 - Reno 3 |
| TOP OF THE 6TH |
|
Albuquerque Isotopes batting - Pitching for Reno Aces : LHP John Salzmann
|
|
Batting: RHB Eddie McCoy
|
0-0: Foul Ball, location: 2F 0-1: Fly out, F7 (Flyball, 78S, EV 90.0 MPH)
|
|
Batting: RHB Ron Johansen
|
0-0: Ball 1-0: Ball 2-0: Ball 3-0: Base on Balls
|
|
Batting: LHB Gabe Harvey
|
0-0: SINGLE (Groundball, 6MD, EV 93.8 MPH) Ron Johansen to second
|
|
Batting: LHB Katsunan Akimoto
|
0-0: SINGLE (Groundball, 4D, EV 98.8 MPH) Ron Johansen to third Gabe Harvey to second
|
|
Batting: LHB Alan Bianchard
|
0-0: Ball 1-0: Grounds into double play, 6-4-3 (Groundball, 6, EV 100.6 MPH)
|
| Top of the 6th over - 0 runs, 2 hits, 0 errors, 2 left on base; Albuquerque 2 - Reno 3 |
| BOTTOM OF THE 6TH |
|
Reno Aces batting - Pitching for Albuquerque Isotopes : RHP Chris Geraci
|
|
Pitching: RHP Mike Ellinwood
|
|
|
Batting: LHB Ian Jarvis
|
0-0: Ball 1-0: Ball 2-0: Called Strike 2-1: Foul Ball, location: 2F 2-2: Strikes out swinging
|
|
Batting: LHB Jeff Taylor
|
0-0: Fly out, F9 (Flyball, 9LS, EV 94.4 MPH)
|
|
Batting: SHB Gregg Whitecotton
|
0-0: Ball 1-0: Called Strike 1-1: Swinging Strike 1-2: Strikes out swinging
|
| Bottom of the 6th over - 0 runs, 0 hits, 0 errors, 0 left on base; Albuquerque 2 - Reno 3 |
| TOP OF THE 7TH |
|
Albuquerque Isotopes batting - Pitching for Reno Aces : LHP John Salzmann
|
|
Batting: RHB Bobby Heagle
|
0-0: Called Strike 0-1: Ball 1-1: Ball 2-1: Called Strike 2-2: Fly out, F5 (Popup, 25F, EV 91.2 MPH)
|
|
Batting: SHB Mitchell Greene
|
0-0: Ball 1-0: Ball 2-0: Foul Ball, location: 2F 2-1: Ball 3-1: Ground out 4-3 (Groundball, 4, EV 100.0 MPH)
|
|
Batting: RHB Logan Morgan
|
0-0: Called Strike 0-1: Foul Ball, location: 2F 0-2: Foul Ball, location: 2F 0-2: Ball 1-2: Ball 2-2: Strikes out looking
|
| Top of the 7th over - 0 runs, 0 hits, 0 errors, 0 left on base; Albuquerque 2 - Reno 3 |
| BOTTOM OF THE 7TH |
|
Reno Aces batting - Pitching for Albuquerque Isotopes : RHP Mike Ellinwood
|
|
Pitching: LHP Drew Huckeba
|
|
|
Batting: RHB Ji-an Li
|
0-0: Ball 1-0: Ball 2-0: Called Strike 2-1: Foul Ball, location: 2F 2-2: Ball 3-2: Foul Ball, location: 2F 3-2: SINGLE (Line Drive, 78S, EV 107.5 MPH)
|
|
Batting: LHB Sumiki Okuhara
|
0-0: Bunted foul 0-1: Sac Bunt to 2L - play at first, batter OUT! 2-3 Ji-an Li to second
|
|
Batting: SHB Salvador Aragon
|
0-0: Intentional Walk
|
|
Batting: LHB Bobby Arevalo
|
0-0: Called Strike 0-1: Ball 1-1: Foul Ball, location: 2F 1-2: Ball 2-2: Fielders Choice at 2nd, 4-6 (Groundball, 4, EV 80.0 MPH) Ji-an Li to third
|
|
Batting: LHB Kyle Beaulieu
|
0-0: Called Strike 0-1: Ball 1-1: Ball 2-1: Foul Ball, location: 2F 2-2: Ball 3-2: Fly out, F9 (Line Drive, 9S, EV 90.0 MPH)
|
| Bottom of the 7th over - 0 runs, 1 hit, 0 errors, 2 left on base; Albuquerque 2 - Reno 3 |
| TOP OF THE 8TH |
|
Albuquerque Isotopes batting - Pitching for Reno Aces : LHP John Salzmann
|
|
Pitching: RHP Nick Burcham
|
|
|
Batting: RHB Mike Thornton
|
0-0: Foul Ball, location: 2F 0-1: Called Strike 0-2: SINGLE (Groundball, 34D, EV 94.4 MPH)
|
|
Batting: RHB Eddie McCoy
|
0-0: Ball 1-0: Ball 2-0: Foul Ball, location: 2F 2-1: Foul Ball, location: 2F 2-2: DOUBLE (Flyball, 89XD, EV 108.1 MPH) Mike Thornton to third
|
|
Batting: RHB Ron Johansen
|
0-0: Ball 1-0: Foul Ball, location: 2F 1-1: Ball 2-1: Called Strike 2-2: Ball 3-2: Foul Ball, location: 2F 3-2: Foul Ball, location: 2F 3-2: Foul Ball, location: 2F 3-2: Base on Balls
|
|
Batting: LHB Gabe Harvey
|
0-0: Ball 1-0: Called Strike 1-1: Called Strike 1-2: Grounds into fielders choice 6-2 (Groundball, 6S, EV 80.6 MPH) Eddie McCoy to third Ron Johansen to second
|
|
Batting: LHB Katsunan Akimoto
|
0-0: Foul Ball, location: 2F Balk! Eddie McCoy scores Ron Johansen to third Gabe Harvey to second 0-1: Ball 1-1: Called Strike 1-2: Strikes out swinging
|
|
Batting: LHB Alan Bianchard
|
0-0: Ball 1-0: Foul Ball, location: 2F 1-1: Ground out 6-3 (Groundball, 6S, EV 87.5 MPH)
|
| Top of the 8th over - 1 run, 2 hits, 0 errors, 2 left on base; Albuquerque 3 - Reno 3 |
| BOTTOM OF THE 8TH |
|
Reno Aces batting - Pitching for Albuquerque Isotopes : LHP Drew Huckeba
|
|
Pitching: RHP Adam McCurdy
|
|
|
Batting: RHB Ruben Garza
|
0-0: Ball 1-0: Foul Ball, location: 2F 1-1: Ball 2-1: Swinging Strike 2-2: Strikes out swinging
|
|
Batting: LHB Ian Jarvis
|
0-0: Ball 1-0: Called Strike 1-1: Called Strike 1-2: Foul Ball, location: 2F 1-2: Strikes out looking
|
|
Batting: LHB Jeff Taylor
|
0-0: Swinging Strike 0-1: Foul Ball, location: 2F 0-2: Reached on error, E8 (Line Drive, 8RM, EV 92.5 MPH)
|
|
Batting: SHB Gregg Whitecotton
|
0-0: Ball 1-0: Swinging Strike 1-1: Ball 2-1: Foul Ball, location: 2F 2-2: Strikes out swinging
|
| Bottom of the 8th over - 0 runs, 0 hits, 1 error, 1 left on base; Albuquerque 3 - Reno 3 |
| TOP OF THE 9TH |
|
Albuquerque Isotopes batting - Pitching for Reno Aces : RHP Nick Burcham
|
|
Pitching: RHP Bill Pauley
|
|
|
Batting: RHB Bobby Heagle
|
0-0: Swinging Strike 0-1: Ball 1-1: Swinging Strike 1-2: Ball 2-2: Foul Ball, location: 2F 2-2: Strikes out swinging
|
|
Batting: SHB Mitchell Greene
|
0-0: Called Strike 0-1: Foul Ball, location: 2F 0-2: Ball 1-2: Strikes out swinging
|
|
Batting: RHB Logan Morgan
|
0-0: Called Strike 0-1: Ball 1-1: Ball 2-1: Ball 3-1: Called Strike 3-2: Foul Ball, location: 2F 3-2: Foul Ball, location: 2F 3-2: Ground out 6-3 (Groundball, 6, EV 83.8 MPH)
|
| Top of the 9th over - 0 runs, 0 hits, 0 errors, 0 left on base; Albuquerque 3 - Reno 3 |
| BOTTOM OF THE 9TH |
|
Reno Aces batting - Pitching for Albuquerque Isotopes : RHP Adam McCurdy
|
|
Batting: RHB Ji-an Li
|
0-0: Ball 1-0: Ball 2-0: Ball 3-0: Base on Balls
|
|
Batting: LHB Sumiki Okuhara
|
0-0: Bunt missed! 0-1: Sac Bunt to 2L - play at first, batter OUT! 2-3 Ji-an Li to second
|
|
Batting: SHB Salvador Aragon
|
0-0: Foul Ball, location: 2F 0-1: DOUBLE (Flyball, 89D, EV 101.2 MPH) Ji-an Li scores
|
| Bottom of the 9th over - 1 run, 1 hit, 0 errors, 1 left on base; Albuquerque 3 - Reno 4 |
|